 Seeded DCSS version 0.30-a0-883-g5ad918d77d (webtiles) character file.

Game seed: 11851575853161599096 (custom seed)

24 Sanktem7 the Shield-Bearer (level 3, 29/29 HPs)
             Began as a Formicid Fighter on Mar 17, 2023.
             Quit the game on level 1 of the Dungeon on Mar 19, 2023.
             The game lasted 00:02:31 (955 turns).

Sanktem7 the Shield-Bearer (Formicid Fighter)        Turns: 955, Time: 00:02:31

Health: 29/29      AC:  6    Str: 22    XL:     3   Next: 15%
Magic:  3/3        EV:  9    Int:  7    God:
Gold:   35         SH:  5    Dex: 13    Spells: 2/2 levels left

rFire   . . .      SeeInvis +    a - +0 war axe {axe}
rCold   . . .      Faith    .    c - +0 buckler
rNeg    . . .      Spirit   .    b - +0 scale mail
rPois   .          Reflect  .    (helmet unavailable)
rElec   .          Rampage  .    (no cloak)
rCorr   .                        (no gloves)
Will    .....                    (no boots) Stlth
                                 (no amulet)
HPRegen 0.24/turn                (no ring)
MPRegen 0.08/turn                (no ring)

@: no status effects
A: permanent stasis, dig shafts and tunnels, antennae 3, four strong arms
a: Dig, Shaft Self


You were on level 1 of the Dungeon.
You visited 1 branch of the dungeon, and saw 1 of its levels.

You collected 35 gold pieces.


Innate Abilities, Weirdness & Mutations

You cannot be hasted, slowed, berserked, paralysed or teleported.
You can dig through walls and to a lower floor.
You have a pair of large antennae on your head. (SInv)
Your four strong arms can wield two-handed weapons with a shield.


   Skills:
 + Level 3.5 Fighting
 * Level 2.6 Axes
 + Level 3.5 Armour
 + Level 4.3 Shields


You had 2 spell levels left.
You didn't know any spells.
Your spell library contained the following spells:

 Spells                   Type           Power      Damage    Failure   Level
 Beastly Appendage        Tmut           0%         N/A       83%         1
 Wereblood                Tmut           0%         N/A       92%         2
 Spider Form              Tmut/Pois      0%         N/A       99%         3

Inventory:

Hand Weapons
 a - a +0 war axe (weapon) {axe}
Missiles
 f - 18 stones {throwing}
 i - 4 boomerangs {throwing}
Armour
 b - a +0 scale mail (worn)
 c - a +0 buckler (worn)
Scrolls
 e - 2 scrolls of noise {unknown}
 j - a scroll of blinking {unknown}
 k - a scroll of fear {unknown}
 l - 2 scrolls of magic mapping {unknown}
 m - a scroll of teleportation {unknown}
Potions
 d - a potion of might
 g - a potion of flight {unknown}
 h - a potion of heal wounds {unknown}

Dungeon Overview and Level Annotations

Branches:
Dungeon (1/15) Zot: 5021

Altars:

Shops:
D:1

[ ###+###.# #..##...# #.##
##...##.####.##.#.# #.##
##.....#...##..##..# ###.#
#.......#..##..##..# ##.#.#
.........##..##..##########....##
.........##..##..##..............
...........##..##..#######....###
#.......#..##.<##..# #.........
##.....####..##.@### #.#.#####.
##...#####..##..### #.#.# #.
##'## #..##..##..# #.#.### #.
####.# #..##..##..# #.#...# #.
.....####.###..##### #.###.# #.
##.#..........## #.###.###.
##....######### #.........
#......# #####.#### #.#...##
#...###


There were no monsters in sight!


Message History

You feel stronger. x2 😎 HP[+6] MP[+1]
You now have 29 max hp (+5).
Your hp is fully restored (29).
Your mp is fully restored (3).
You open the door.
There is an open door here.
You open the door.
There is an open door here.
Key pressed, stopping explore.
You sense a monster nearby.
You open the door.
There is an open door here.
You now have 27 gold pieces (gained 3).
You open the door.
There is an open door here.
Found a runed hat.
No target in view!
No target in view!
No target in view!
No target in view!
No target in view!
You see here a +2 hat.
A quokka comes into view.
A quokka is nearby!
The quokka completely misses you. The quokka bites you. 😕 HP[-4]
You take 4 damage, and now have 25/29 hp.
You closely miss the quokka. The quokka bites you. 😮 HP[-4]
You take 4 damage, and now have 21/29 hp.
You are too injured to fight recklessly!
You are too injured to fight recklessly!
You are too injured to fight recklessly!
You are too injured to fight recklessly!
A quokka is nearby!
Unknown command.
You slash the quokka!
You kill the quokka!
You see here a quokka corpse. 😕 HP[+1]
You see here a quokka corpse.
Key pressed, stopping explore.
Found a stone staircase leading down. 😎 HP[+7]
Your hp is fully restored (29).
You open the door.
Found Fyonluonk's Armour Boutique.
There is an open door here.
There is an entrance to Fyonluonk's Armour Boutique here.
There is an open door here.
A rat comes into view.
A rat is nearby!
The rat misses you.
You barely miss the rat. You block the rat's attack. x2
You barely miss the rat. The rat bites you but does no damage.
You slash the rat!
You kill the rat!
No target in view!
No target in view!
No target in view!
No target in view!
You see here a rat corpse.
You see here a rat corpse.
You see here a rat corpse.
Key pressed, stopping explore.
You see here a +0 helmet.
m - a scroll labelled XAYJEQ FEUP You now have 35 gold pieces (gained 8).
e - 2 scrolls labelled TOIDOI XIXA (gained 1)
A bat comes into view.
A bat is nearby!
You block the bat's attack.
You closely miss the bat. The bat closely misses you.
You block the bat's attack. The bat hits you but does no damage.
You hit the bat. The bat hits you but does no damage.
You block the bat's attack.
You slash the bat!
You kill the bat!
No target in view!
No target in view!
No target in view!
You see here a +0 ring mail.
Done exploring.
Done exploring.
No target in view!
No target in view!
You can't go down here!
There is an open door here.
There is an open door here.
There is a staircase leading out of the dungeon here.
Saving game... please wait. 🤖 Initializing magus.rc ...
Options error: Delay interrupt name "hungry" not recognised. (~/.crawlrc:4856) Options error: Bad monster_list_colour key: strict_neutral (~/.crawlrc:4871) Bad channel name for runrest: 'pray:' ✅ Successfully initialized magus.rc [v1.9.6] Welcome back, Sanktem7 the Formicid Fighter.
Game seed: 11851575853161599096 (custom seed) Press ? for a list of commands and other information.
Are you sure you want to abandon this character and quit the game? (Confirm with "yes".)

Action                     || total
---------------------------++-------
  Melee: War axe           ||    56
 Armour: Scale mail        ||    23
  Dodge: Dodged            ||    30
  Block: Buckler           ||    17

Levels and vault maps discovered:
D:1:      lightli_iron_boxes, layout_loops_corners, serial_shops,
          nicolae_shop_hallway_stairs, st_stairs_4, kennysheep_flooded_box

Notes
Turn   | Place    | Note
-------+----------+-------------------------------------------
     0 | D:1      | Sanktem7 the Formicid Fighter began the quest for the Orb.
     0 | D:1      | Reached XP level 1. HP: 18/18 MP: 1/1
     0 | D:1      | magus.rc [v1.9.6]
   277 | D:1      | Reached XP level 2. HP: 23/24 MP: 2/2
   387 | D:1      | You pick up a book of Changes and begin reading...
   387 | D:1      | You add the spells Beastly Appendage, Wereblood and Spider
                  | Form to your library.
   510 | D:1      | Reached XP level 3. HP: 29/29 MP: 3/3
   704 | D:1      | Found Fyonluonk's Armour Boutique.
   953 | D:1      | magus.rc [v1.9.6]
   955 | D:1      | Quit the game

Vanquished Creatures
  A dart slug (D:1)
  A ball python (D:1)
  5 bats (D:1)
  2 endoplasms (D:1)
  2 goblins (D:1)
  2 jackals (D:1)
  A quokka (D:1)
  4 kobolds (D:1)
  2 rats (D:1)
20 creatures vanquished.

Table legend:
 A = Non-vault XP
 B = Vault XP
 C = Vault XP percentage of total XP
 D = Non-vault monster count
 E = Vault monster count
 F = Vault count percentage of total count
                 A         B        C        D         E       F
            +---------+---------+-------+---------+---------+-------
      Total |      29 |       6 |  17.1 |      17 |       3 |  15.0
            +---------+---------+-------+---------+---------+-------
        D:1 |      29 |       6 |  17.1 |      17 |       3 |  15.0
            +---------+---------+-------+---------+---------+-------

Illustrated notes

Table legend:
 A = Kills in this place as a percentage of kills in the entire game.
 B = Kills by you in this place as a percentage of kills by you in the entire game.
 C = Kills by friends in this place as a percentage of kills by friends in the entire game.
 D = Other kills in this place as a percentage of other kills in the entire game.
 E = Experience gained in this place as a percentage of experience gained in the entire game.
 F = Experience gained in this place divided by the number of levels of this place that you have seen.
                   A       B       C       D       E      F
               +-------+-------+-------+-------+-------+----------------------
         Total | 100.0 | 100.0 |   N/A |   N/A | 100.0 |  35.0
       Dungeon | 100.0 | 100.0 |   N/A |   N/A | 100.0 |  35.0
               +-------+-------+-------+-------+-------+----------------------

Table legend: (Time is in decaauts)
 A = Elapsed time spent in this place.
 B = Non-inter-level travel time spent in this place.
 C = Inter-level travel time spent in this place.
 D = Time resting spent in this place.
 E = Time spent auto-exploring this place.
 F = Levels seen in this place.
 G = Mean time per level.
                   A        B        C        D        E       F      G
               +--------+--------+--------+--------+--------+-----+--------+
         Total |    978 |    915 |     63 |      0 |    771 |   1 |  978.0 |
       Dungeon |    978 |    915 |     63 |      0 |    771 |   1 |  978.0 |
               +--------+--------+--------+--------+--------+-----+--------+

Top non-repeatable levels by time:
     D:1: 978 daAuts
